 Dungeon Crawl Stone Soup version 0.18-a0-1515-g333d932 (webtiles) character file.

2993 unvid the Arsonist (level 9, -3/45 HPs)
             Began as a Deep Elf Fire Elementalist on Mar 7, 2016.
             Was an Initiate of Vehumet.
             Slain by Joseph
             ... wielding a +2 quarterstaff of protection
              (14 damage)
             ... on level 8 of the Dungeon.
             The game lasted 00:19:32 (6965 turns).

unvid the Arsonist (Deep Elf Fire Elementalist)     Turns: 6965, Time: 00:19:33

Health: -3/45      AC:  6    Str:  4 (5)  XL:     9   Next: 54%
Magic:  1/19       EV: 16    Int: 23 (24) God:    Vehumet [......]
Gold:   380        SH:  0    Dex: 13 (15) Spells: 6 memorised, 0 levels left

rFire  . . .     SeeInvis .     p - +3 hand axe (vamp)
rCold  + . .     Gourm    .     t - +2 robe {rC+}
rNeg   . . .     Faith    .     (no shield)
rPois  +         Spirit   .     n - +0 helmet
rElec  .         Dismiss  .     (no cloak)
rCorr  +         Reflect  .     d - +0 pair of gloves
SustAt .         Harm     .     (no boots)
MR     .....                    (no amulet)
Stlth  ++........               D - ring of resist corrosion
                                o - ring of poison resistance

@: not resistant to hostile enchantments, unstealthy
A: no striking features
a: Renounce Religion


You were on level 8 of the Dungeon.
You worshipped Vehumet.
Vehumet was noncommittal.
You were near starving.

You visited 1 branch of the dungeon, and saw 8 of its levels.

You collected 380 gold pieces.

Inventory:

Hand Weapons
 p - a +3 vampiric hand axe (weapon)
 y - a +2 falchion of protection
Armour
 d - a +0 pair of gloves (worn)
 n - a +0 helmet (worn)
 t - a +2 robe of cold resistance (worn)
Jewellery
 o - a ring of poison resistance (left hand)
 D - a ring of resist corrosion (right hand)
Wands
 C - a wand of slowing (9/48)
Scrolls
 e - a scroll of fear {unknown}
 g - 3 scrolls of identify
 j - 3 scrolls of magic mapping {unknown}
 m - 3 scrolls of remove curse
 r - a scroll of enchant armour
 u - a scroll of amnesia {unknown}
 v - a scroll of teleportation {unknown}
 A - a scroll of recharging {unknown}
 B - a scroll of blinking
Potions
 a - a potion of curing
 f - a potion of flight
 i - a potion of resistance
 k - a potion of might
 l - a potion of mutation
 s - a potion of berserk rage
 x - a potion of invisibility
Books
 b - a book of Flames

   Spells                             Type                      Level
   a - Flame Tongue                   Conjuration/Fire             1
   b - Throw Flame                    Conjuration/Fire             2
   c - Conjure Flame                  Conjuration/Fire             3
   d - Inner Flame                    Hexes/Fire                   3
   e - Sticky Flame                   Conjuration/Fire             4
   f - Fireball                       Conjuration/Fire             5
 w - a book of the Earth

   Spells                             Type                      Level
   a - Leda's Liquefaction            Hexes/Earth                  4
   b - Bolt of Magma                  Conjuration/Fire/Earth       5
   c - Statue Form                    Transmutation/Earth          6
   d - Iron Shot                      Conjuration/Earth            6
   e - Shatter                        Earth                        9
Comestibles
 c - 6 bread rations
 h - 2 meat rations


   Skills:
 + Level 7.3 Dodging
 - Level 2.4 Stealth
 - Level 5.4 Spellcasting
 + Level 6.3 Conjurations
 * Level 11.2 Fire Magic


You couldn't memorise any spells.
You knew the following spells:

 Your Spells              Type           Power        Failure   Level  Hunger
a - Flame Tongue          Conj/Fire      #####        1%          1    None
b - Throw Flame           Conj/Fire      #####.       1%          2    None
c - Conjure Flame         Conj/Fire      #####...     1%          3    ##.....
d - Inner Flame           Hex/Fire       ####....     3%          3    ##.....
e - Sticky Flame          Conj/Fire      #####...     2%          4    ####...
f - Fireball              Conj/Fire      #####.....   10%         5    #####..


Dungeon Overview and Level Annotations

Branches:
Dungeon (8/15)
 Temple: D:4-7         Lair: D:8-11

Altars:
Dithmenos
Gozag
Kikubaaqudgha
Makhleb
Nemelex Xobeh
Okawaru
Trog
Vehumet
Yredelemnul
The Shining One

Shops:
D:5 %

Annotations:
D:8 Joseph


Message History

Casting: Flame Tongue
Confirm with . or Enter, or press ? or * to list all spells.
Aiming: Flame Tongue
Press: ? - help, Shift-Dir - straight line, f/p - Joseph
Aim: Joseph, wielding a quarterstaff of protection and wearing a runed ring mail (severely wounded, unusually agile)
The flame tongue hits the wolf.
You kill the wolf!
Vehumet accepts your kill.
Casting: Flame Tongue
Confirm with . or Enter, or press ? or * to list all spells.
Aiming: Sticky Flame
Press: ? - help, Shift-Dir - straight line, f/p - Joseph
Aim: Joseph, wielding a quarterstaff of protection and wearing a runed ring mail (severely wounded, unusually agile)
The sticky flame hits Joseph.
Joseph appears unharmed.
Joseph is severely wounded.
Joseph is covered in liquid flames!
You are near starving!
Joseph burns!
Joseph hits you with an uncursed quarterstaff of protection!
You die...

#....##. #....##. Z
#....##. .l #######.
... #. #.. #. .. ..
#.##################
##
#...(.l@@(.........#
#..###############.#
### #.( #.# #.. #..
#.# #.# #.. #.# #.#
... #.# #.# ...# #.#
#.# ..# #.# #.# #.#
#.#


You could see Joseph (burning) and an iguana.

Vanquished Creatures
  A hungry ghost (D:8)
  A wolf (D:8)
  Menkaure (D:6)
  Edmund (D:4)
  2 black bears (D:6)
  3 sky beasts
  An ice beast (D:6)
  3 ogres
  2 phantoms
  Blork the orc (D:6)
  3 centaurs
  A scorpion (D:6)
  4 wights (D:7)
  3 vampire bats (D:7)
  A crimson imp (D:7)
  A giant frog zombie (D:5)
  4 orc priests
  A jelly (D:6)
  A giant frog skeleton (D:7)
  3 hounds
  5 orc wizards
  2 iguanas
  4 worker ants
  A killer bee zombie (D:7)
  A hound zombie (D:6)
  A worker ant zombie (D:7)
  A howler monkey skeleton (D:6)
  5 adders
  3 shadow imps
  4 oozes
  An adder skeleton (D:6)
  3 worms
  A dart slug (D:1)
  A giant gecko (D:1)
  27 orcs
  5 bat skeletons (D:7)
  2 bat zombies (D:7)
  2 giant cockroaches
  7 goblins
  5 hobgoblins
  4 jackals (D:6)
  5 quokkas
  6 bats
  4 giant newts
  6 kobolds
  A quokka skeleton (D:4)
  10 rats
155 creatures vanquished.

Vanquished Creatures (others)
  An orc wizard (D:4)
1 creature vanquished.

Grand Total: 156 creatures vanquished

Notes
Turn   | Place    | Note
--------------------------------------------------------------
     0 | D:1      | unvid the Deep Elf Fire Elementalist began the quest for the Orb.
     0 | D:1      | Reached XP level 1. HP: 10/10 MP: 6/6
   211 | D:1      | Reached XP level 2. HP: 10/15 MP: 6/8
   363 | D:1      | Reached skill level 4 in Fire Magic
   770 | D:1      | Reached XP level 3. HP: 16/19 MP: 2/10
   818 | D:1      | Learned a level 2 spell: Throw Flame
   822 | D:1      | Learned a level 3 spell: Conjure Flame
   826 | D:1      | Learned a level 3 spell: Inner Flame
   986 | D:2      | Found a burning altar of Makhleb.
  1320 | D:2      | Found a shadowy altar of Dithmenos.
  1511 | D:2      | Reached XP level 4. HP: 24/24 MP: 10/12
  1560 | D:2      | Found a bloodstained altar of Trog.
  1560 | D:2      | Found an iron altar of Okawaru.
  1971 | D:3      | Found a faded altar to an unknown god.
  2049 | D:3      | Reached skill level 5 in Fire Magic
  2557 | D:3      | Reached XP level 5. HP: 28/28 MP: 10/13
  2582 | D:3      | Learned a level 4 spell: Sticky Flame
  2583 | D:4      | Noticed an ogre
  2591 | D:4      | HP: 1/28 [ogre/giant spiked club (27)]
  2713 | D:3      | Killed an ogre
  2713 | D:3      | Reached skill level 5 in Spellcasting
  2713 | D:3      | Reached skill level 6 in Fire Magic
  2828 | D:4      | Found a glowing golden altar of the Shining One.
  2980 | D:3      | Reached XP level 6. HP: 25/32 MP: 1/16
  3185 | D:4      | Noticed Edmund
  3453 | D:4      | Killed Edmund
  3453 | D:4      | Reached skill level 7 in Fire Magic
  3468 | D:4      | HP: 1/32 [orc priest/falchion (3)]
  3786 | D:4      | Reached XP level 7. HP: 36/36 MP: 6/17
  3868 | D:5      | Entered Level 5 of the Dungeon
  4105 | D:5      | Reached skill level 8 in Fire Magic
  4108 | D:5      | Found Wacked's Food Boutique.
  4369 | D:5      | Found an opulent altar of Gozag.
  4588 | D:6      | Noticed Menkaure
  4590 | D:6      | Killed Menkaure
  4590 | D:6      | Reached XP level 8. HP: 41/41 MP: 13/18
  4760 | D:6      | Reached skill level 5 in Dodging
  4767 | D:6      | Found a sparkling altar of Nemelex Xobeh.
  4880 | D:6      | Noticed Blork the orc
  4890 | D:6      | Killed Blork the orc
  4890 | D:6      | Reached skill level 9 in Fire Magic
  5320 | D:6      | Reached skill level 5 in Conjurations
  5392 | D:6      | Reached skill level 10 in Fire Magic
  5637 | D:7      | Reached XP level 9. HP: 23/45 MP: 1/19
  5805 | D:7      | Learned a level 5 spell: Fireball
  5841 | D:7      | Found a radiant altar of Vehumet.
  5888 | D:7      | Became a worshipper of Vehumet
  5998 | D:7      | Found a basalt altar of Yredelemnul.
  6373 | D:7      | Found an ancient bone altar of Kikubaaqudgha.
  6793 | D:8      | Reached skill level 11 in Fire Magic
  6924 | D:8      | Noticed Joseph
  6947 | D:8      | HP: 1/45 [Joseph/sling bullet (14)]
  6965 | D:8      | Slain by Joseph

Vault maps used:
D:1:      minmay_arrival_nine_rooms
D:2:      kennysheep_big_flooded_room, gammafunk_temple_overflow_elements,
          nicolae_dithmenos_through_a_glass_darkly, first_bread,
          eino_tiny_chamber, bloody_makhleb
D:3:      ecumenical_altar_1
D:4:      nicolae_overflow_crystal_walls, lemuel_coloured_pillars_altar,
          gammafunk_temple_overflow_wave, minmay_temple_entry_statues_pillars,
          gup_sewer_entry_spiral, nicolae_tso_swordbearing_angel, uniq_edmund
D:5:      lemuel_round_altar, serial_shops, nicolae_shop_trees
D:6:      lemuel_round_altar, minmay_holes, uniq_blork_the_orc, uniq_menkaure
D:7:      lemuel_doored_altar, kennysheep_vampire_church, old_standard_altar
D:8:      lemuel_blue_sif_altar, serial_ice, serial_ice_o, serial_ice_i,
          serial_ice_d, serial_ice_h, uniq_pikel, uniq_joseph

Skill      XL: |  1  2  3  4  5  6  7  8  9 |
---------------+----------------------------+-----
Fire Magic     | 4 5 6 7 8 10 11 | 11.2
Spellcasting   | 4 5 |  5.4
Dodging        | 3 4 6 7 |  7.3
Conjurations   | 2 3 5 6 |  6.3
Stealth        | |  2.4

Action                   |  1- 3 |  4- 6 |  7- 9 || total
-------------------------+-------+-------+-------++-------
Melee: Short sword       |    23 |       |       ||    23
       Dagger            |     1 |    12 |       ||    13
       Hand axe          |       |    23 |    46 ||    69
 Cast: Flame Tongue      |    61 |    93 |   199 ||   353
       Conjure Flame     |     1 |     6 |    10 ||    17
       Inner Flame       |       |     3 |     3 ||     6
       Throw Flame       |       |     4 |     5 ||     9
       Sticky Flame      |       |       |     6 ||     6
Evoke: Wand              |       |       |     7 ||     7
  Use: Scroll            |     5 |       |     6 ||    11
       Potion            |       |     4 |     4 ||     8
 Stab: Sleeping          |     3 |     4 |     3 ||    10
  Eat: Chunk             |     1 |     5 |     8 ||    14
       Beef jerky        |       |     1 |     1 ||     2
       Meat ration       |       |     1 |       ||     1
       Pizza             |       |       |     1 ||     1
